 Dungeon Crawl Stone Soup version 0.22.1-2-g9c5b331 (webtiles) character file.

48 Harpaggios the Charmwright (level 3, -11/31 HPs)
             Began as a Gnoll Skald on Dec 25, 2018.
             Killed by divine providence
             ... invoked by an orc priest
              (14 damage)
             ... on level 3 of the Dungeon.
             The game lasted 00:06:08 (1402 turns).

Harpaggios the Charmwright (Gnoll Skald)            Turns: 1402, Time: 00:06:09

Health: -11/31     AC:  3    Str: 13    XL:     3   Next: 72%
Magic:  0/9        EV: 14    Int: 15    God:
Gold:   124        SH:  0    Dex: 15    Spells: 9/12 levels left

rFire    . . .     SeeInvis .   a - +0 spear
rCold    . . .     Gourm    .   (no shield)
rNeg     . . .     Faith    .   b - +0 leather armour
rPois    .         Spirit   .   (no helmet)
rElec    .         Reflect  .   (no cloak)
rCorr    +         Harm     .   (no gloves)
MR       .....                  (no boots)
Stlth    +.........             (no amulet)
HPRegen  0.10/turn              e - ring of resist corrosion
MPRegen  0.11/turn              (no ring)

@: singing
A: distributed training, fangs 1, strong nose
a: no special abilities


You were on level 3 of the Dungeon.
You were hungry.

You visited 1 branch of the dungeon, and saw 3 of its levels.

You collected 124 gold pieces.

Inventory:

Hand Weapons
 a - a +0 spear (weapon)
 o - a +2 spear of venom
Armour
 b - a +0 leather armour (worn)
Jewellery
 c - a cursed ring of attention {unknown}
 e - a ring of resist corrosion (left hand)
 j - an uncursed ring of see invisible {unknown}
Scrolls
 h - a scroll of remove curse
Potions
 g - a potion of magic
 i - a potion of brilliance
Comestibles
 d - 7 rations
 f - 5 chunks of flesh


   Skills:
 + Level 4.5 Fighting
 + Level 0.9 Short Blades
 + Level 0.9 Long Blades
 + Level 0.9 Axes
 + Level 0.9 Maces & Flails
 + Level 4.5 Polearms
 + Level 0.9 Staves
 + Level 0.9 Slings
 + Level 0.9 Bows
 + Level 0.9 Crossbows
 + Level 0.9 Throwing
 + Level 2.6 Armour
 + Level 4.5 Dodging
 + Level 0.9 Stealth
 + Level 0.9 Shields
 + Level 0.9 Unarmed Combat
 + Level 5.0 Spellcasting
 + Level 0.6 Conjurations
 + Level 0.6 Hexes
 + Level 5.4 Charms
 + Level 0.6 Summonings
 + Level 0.6 Necromancy
 + Level 0.6 Translocations
 + Level 0.6 Transmutations
 + Level 0.6 Fire Magic
 + Level 0.6 Ice Magic
 + Level 0.6 Air Magic
 + Level 0.6 Earth Magic
 + Level 0.6 Poison Magic
 + Level 1.0 Invocations
 + Level 0.9 Evocations


You had 9 spell levels left.
You knew the following spells:

 Your Spells              Type           Power        Failure   Level  Hunger
a - Infusion              Chrm           ###.         2%          1    None
b - Song of Slaying       Chrm           ###.....     3%          2    ##.....

Your spell library contained the following spells:

 Spells                   Type           Power        Failure   Level  Hunger
 Shroud of Golubria       Chrm/Tloc      ##........   9%          2    ##.....
 Regeneration             Chrm/Necr      ##........   19%         3    ###....
 Spectral Weapon          Hex/Chrm       ##......     19%         3    ###....


Dungeon Overview and Level Annotations

Branches:
Dungeon (3/15)

Altars:


Innate Abilities, Weirdness & Mutations

Your experience applies equally to all skills.
You have very sharp teeth.
Your uncanny sense of smell can sniff out nearby items.


Message History

The orc priest mumbles some strange prayers to Beogh against you.
Beogh smites you!
* * * LOW HITPOINT WARNING * * *
You puncture the orc!
You kill the orc!
The orc priest looks braver for a moment.
You hit the orc!
You kill the orc!
The orc priest misses you.
Items here: )) [ †† a dagger; a chain mail; a short sword; an orc corpse x2
You closely miss the orc priest. You bite the orc priest.
The orc priest is moderately wounded.
You are no longer magically infusing your attacks.
The orc priest barely misses you.
You closely miss the orc priest.
The orc priest is moderately wounded.
The orc priest mumbles some strange prayers to Beogh against you.
Beogh smites you!
You die...

### #.. #.# #.# #.#
#######.##### #
#.####...........##
.#
#...........o..÷<.#
..
.......#####@###..#.#
#...#.. #.# #....#
#.. #.. #.###.##.###.
# #.o #...........#
#!. ####..#######


#oo #<## ∆ #.. #.# #.# #.# You could see an orc priest.

Vanquished Creatures
  An adder (D:3)
  2 worms (D:2)
  A dart slug (D:2)
  A leopard gecko (D:1)
  4 orcs (D:3)
  5 bats
  3 goblins
  4 hobgoblins
  2 frilled lizards (D:2)
  2 kobolds (D:2)
  A rat (D:2)
26 creatures vanquished.

Notes
Turn   | Place    | Note
-------+----------+-------------------------------------------
     0 | D:1      | Harpaggios the Gnoll Skald began the quest for the Orb.
     0 | D:1      | Reached XP level 1. HP: 20/20 MP: 6/6
   403 | D:1      | Reached XP level 2. HP: 26/26 MP: 4/7
  1073 | D:2      | Reached XP level 3. HP: 31/31 MP: 5/9
  1085 | D:2      | Reached skill level 5 in Spellcasting
  1374 | D:3      | Learned a level 2 spell: Song of Slaying
  1388 | D:3      | Reached skill level 1 in Invocations
  1402 | D:3      | Killed from afar by an orc priest

Skill      XL: |  1  2  3 |
---------------+----------+-----
Spellcasting   | 5 |  5.0
Invocations    | 1 |  1.0
Fighting       | |  4.5
Short Blades   | |  0.9
Long Blades    | |  0.9
Axes           | |  0.9
Maces & Flails | |  0.9
Polearms       | |  4.5
Staves         | |  0.9
Slings         | |  0.9
Bows           | |  0.9
Crossbows      | |  0.9
Throwing       | |  0.9
Armour         | |  2.6
Dodging        | |  4.5
Stealth        | |  0.9
Shields        | |  0.9
Unarmed Combat | |  0.9
Conjurations   | |  0.6
Hexes          | |  0.6
Charms         | |  5.4
Summonings     | |  0.6
Necromancy     | |  0.6
Translocations | |  0.6
Transmutations | |  0.6
Fire Magic     | |  0.6
Ice Magic      | |  0.6
Air Magic      | |  0.6
Earth Magic    | |  0.6
Poison Magic   | |  0.6
Evocations     | |  0.9

Action                   || total
-------------------------++-------
Melee: Spear             ||    88
       Bite              ||     5
 Cast: Infusion          ||     7
       Song of Slaying   ||     1
  Use: Scroll            ||     5
       Potion            ||     5
 Stab: Sleeping          ||     3
  Eat: Chunk             ||     1
Armor: Leather armour    ||     7
Dodge: Dodged            ||    41
